 Dungeon Crawl Stone Soup version 0.22.0-75-g3901e79 (webtiles) character file.

736 Fang the Chopper (level 7, -4/66 HPs)
             Began as a Gargoyle Berserker on Sept 13, 2018.
             Was a Priest of Trog.
             Slain by a worm (8 damage)
             ... on level 5 of the Dungeon.
             The game lasted 00:03:28 (3393 turns).

Fang the Chopper (Gargoyle Berserker)               Turns: 3393, Time: 00:03:29

Health: -4/66      AC:  7    Str: 31    XL:     7   Next: 74%
Magic:  7/7        EV: 13    Int:  8    God:    Trog [***...]
Gold:   171        SH:  0    Dex:  9    Spells: 6/6 levels left

rFire    . . .     SeeInvis .   a - +0 hand axe
rCold    . . .     Gourm    .   (no shield)
rNeg     + . .     Faith    .   b - +0 animal skin
rPois    ∞         Spirit   .   (no helmet)
rElec    +         Reflect  .   (no cloak)
rCorr    .         Harm     .   (no gloves)
MR       .....                  (no boots)
Stlth    ..........             (no amulet)
HPRegen  0.21/turn              o - +4 ring of strength
MPRegen  0.10/turn              (no ring)

@: berserking (expiring), very quick
A: negative energy resistance 1, electricity resistance, unbreathing,
petrification resistance, rot immunity, AC +4
a: Berserk, Trog's Hand, Renounce Religion


You were on level 5 of the Dungeon.
You worshipped Trog.
Trog was most pleased with you.
You were very hungry.

You visited 1 branch of the dungeon, and saw 4 of its levels.

You collected 171 gold pieces.

Inventory:

Hand Weapons
 a - a +0 hand axe (weapon)
Armour
 b - a +0 animal skin (worn)
Jewellery
 o - a +4 ring of strength (left hand)
Scrolls
 d - a scroll of fog {unknown}
 e - 4 scrolls of identify {unknown}
 g - a scroll of blinking {unknown}
 i - a scroll of enchant weapon {unknown}
 j - a scroll of magic mapping {unknown}
 m - a scroll of teleportation {unknown}
Potions
 f - 3 potions of haste {unknown}
 h - a potion of resistance
 k - 3 potions of degeneration {unknown}
 l - a potion of might {unknown}
 n - a potion of ambrosia {unknown}
 p - a potion of heal wounds {unknown}
 q - a potion of invisibility {unknown}
Comestibles
 c - 6 rations


   Skills:
 + Level 5.2 Fighting
 + Level 6.3 Axes
 + Level 2.3 Armour
 + Level 3.2 Dodging
 + Level 1.6 Stealth


You had 6 spell levels left.
You didn't know any spells.
Your spell library was empty.

Dungeon Overview and Level Annotations

Branches:
Dungeon (3/15)

Altars:
Gozag
Makhleb
Nemelex Xobeh
Trog
Vehumet
Zin


Innate Abilities, Weirdness & Mutations

You are resistant to torment.
Your stone body is resilient. (AC +4)
You are immune to poison.
You resist negative energy. (rN+)
You are resistant to electric shocks. (rElec)
You can survive without breathing.
You are immune to petrification.
You are immune to rotting.


Message History

The worm is severely wounded.
You completely miss the worm. You barely miss the rat.
The rat closely misses you. The worm bites you!
* * * LOW HITPOINT WARNING * * *
The worm closely misses you.
Unknown command.
You slash the worm!
The worm is almost dead.
You slash the rat!
You kill the rat!
Trog accepts your kill.
You hit the worm.
Unknown command.
You hit the worm.
You kill the worm!
Trog accepts your kill.
You slash the worm! The worm misses you.
Unknown command.
The worm bites you!
You die...

# #.....### ##...## #.....
##....#...# ##.## #.##..
)...#####.#########.########.##..
....# #.#..........#.......##))
...### #..........#.#...........
.....######.#######....########..
..##.......##....###....# #..
..##########....w..##.#.### #..
).# #.....@...##....####### ..#
#....#....###.#....# # .##
######...###..).##.###..# # ..#
##....'...#y#._.)##.#...## #
..###..####...###..))##...### ##
..##..## #....#....##...## #.
..##.## #.........###.## ##.
†.##.# ##.......## #.# ##..
...#.# ##....### #.######..#


You could see a moth of wrath and a worm (berserk).

Vanquished Creatures
  2 ogres (D:5)
  A bullfrog (D:5)
  A scorpion (D:5)
  A crimson imp (D:5)
  A bullfrog zombie (D:5)
  A hound (D:5)
  4 orc wizards (D:5)
  4 worker ants (D:5)
  5 gnolls
  2 adders
  An ooze (D:2)
  3 worms
  A dart slug (D:2)
  A leopard gecko (D:2)
  7 orcs (D:5)
  A ball python (D:1)
  3 giant cockroaches
  6 goblins
  7 hobgoblins
  9 jackals
  3 quokkas
  5 bats
  A frilled lizard (D:1)
  2 kobolds
  15 rats
87 creatures vanquished.

Notes
Turn   | Place    | Note
-------+----------+-------------------------------------------
     0 | D:1      | Fang the Gargoyle Berserker began the quest for the Orb.
     0 | D:1      | Reached XP level 1. HP: 14/14 MP: 1/1
   163 | D:1      | Reached XP level 2. HP: 11/19 MP: 2/2
   317 | D:1      | Reached skill level 3 in Axes
   516 | D:1      | Reached XP level 3. HP: 19/24 MP: 3/3
  1024 | D:2      | Found a radiant altar of Vehumet.
  1128 | D:2      | Reached XP level 4. HP: 25/29 MP: 4/4
  1185 | D:2      | Found an opulent altar of Gozag.
  1185 | D:2      | Found a sparkling altar of Nemelex Xobeh.
  1424 | D:2      | Reached ** piety under Trog
  1656 | D:3      | Found a burning altar of Makhleb.
  1658 | D:3      | Found a glowing silver altar of Zin.
  1658 | D:3      | Noticed an angel
  1659 | D:3      | Noticed a balrug
  2016 | D:3      | Reached skill level 4 in Axes
  2517 | D:3      | You fall through a shaft for 2 floors!
  2517 | D:5      | Entered Level 5 of the Dungeon
  2517 | D:5      | Noticed an ogre
  2525 | D:5      | Reached XP level 5. HP: 33/33 MP: 5/5
  2526 | D:5      | Killed an ogre
  2526 | D:5      | Reached skill level 1 in Stealth
  2535 | D:5      | Reached XP level 6. HP: 39/39 MP: 6/6
  2566 | D:5      | Reached skill level 5 in Axes
  2779 | D:5      | Reached XP level 7. HP: 28/44 MP: 7/7
  2949 | D:5      | Reached skill level 5 in Fighting
  3244 | D:5      | Reached skill level 6 in Axes
  3370 | D:5      | Noticed a moth of wrath
  3372 | D:5      | Found a bloodstained altar of Trog.
  3391 | D:5      | Reached *** piety under Trog
  3393 | D:5      | Slain by a worm

Skill      XL: |  1  2  3  4  5  6  7 |
---------------+----------------------+-----
Axes           | 3 4 5 6 |  6.3
Fighting       | 4 5 |  5.2
Dodging        | 2 3 |  3.2
Stealth        | 1 |  1.6
Armour         | |  2.3

Action                   |  1- 3 |  4- 6 |  7- 9 || total
-------------------------+-------+-------+-------++-------
Melee: Hand axe          |    93 |   120 |    89 ||   302
Invok: Berserk           |     1 |     3 |     2 ||     6
 Stab: Sleeping          |       |     1 |       ||     1
  Eat: Chunk             |     2 |     4 |     3 ||     9
       Ration            |       |     1 |       ||     1
Armor: Animal skin       |    25 |    32 |    25 ||    82
Dodge: Dodged            |    85 |    92 |    64 ||   241
